 Seeded DCSS version 0.30-a0-218-gedb9141078 (webtiles) character file.

Game seed: 3736021085809959607 (custom seed)

144 purpskrrrp the Shield-Bearer (level 5, 0/37 (42) HPs)
             Began as a Formicid Fighter on Oct 6, 2022.
             Was a Believer of Nemelex Xobeh.
             Slain by a hell rat (6 damage)
             ... in a sewer.
             The game lasted 00:04:55 (2985 turns).

purpskrrrp the Shield-Bearer (Formicid Fighter)     Turns: 2985, Time: 00:04:56

HP:   0/37 (42)     AC: 10    Str: 22    XL:     5   Next: 52%
MP:   6/6           EV:  9    Int:  8    God:    Nemelex Xobeh [**....]
Gold: 198           SH:  0    Dex: 13    Spells: 4/4 levels left

rFire   + . .      SeeInvis +    a - +1 quarterstaff
rCold   . . .      Faith    .    c - +0 buckler
rNeg    . . .      Spirit   .    t - +2 scale mail {rF+}
rPois   .          Reflect  +    (helmet unavailable)
rElec   .          Harm     .    n - +0 cloak
rCorr   +          Rampage  .    (no gloves)
Will    .....                    (no boots)
Stlth   ..........               e - amulet of reflection
HPRegen 0.26/turn                m - ring of resist corrosion
MPRegen 0.10/turn                (no ring)

@: confused, mighty, ambrosia-drunk, heavily drained
A: permanent stasis, dig shafts and tunnels, antennae 3, four strong arms
a: Dig, Renounce Religion, Draw Escape, Draw Destruction, Draw Summoning


You were in a sewer.
You worshipped Nemelex Xobeh.
Nemelex Xobeh was pleased with you.
You visited 1 branch of the dungeon, and saw 4 of its levels.
You also visited: Sewer.

You collected 198 gold pieces.

Inventory:

Hand Weapons
 a - a +1 quarterstaff (weapon)
Armour
 b - a +0 scale mail
 c - a +0 buckler (worn)
 n - a +0 cloak (worn)
 t - a +2 scale mail of fire resistance (worn)
Jewellery
 e - an amulet of reflection (around neck)
 m - a ring of resist corrosion (left hand)
Wands
 r - a wand of flame (8)
Scrolls
 g - a scroll of teleportation {unknown}
Potions
 d - a potion of might
 f - a potion of ambrosia
 h - a potion of attraction
 i - 2 potions of lignification
 j - a potion of berserk rage {unknown}
 l - 2 potions of curing {unknown}
 p - a potion of flight {unknown}
 q - a potion of degeneration {unknown}


   Skills:
 + Level 4.0 Fighting
 + Level 2.9 Staves
 + Level 4.1 Armour
 + Level 5.1 Shields
 + Level 1.9 Invocations


You had 4 spell levels left.
You didn't know any spells.
Your spell library contained the following spells:

 Spells                   Type           Power      Damage    Failure   Level
 Beastly Appendage        Tmut           0%         N/A       80%         1
 Wereblood                Tmut           0%         N/A       90%         2
 Spider Form              Tmut/Pois      0%         N/A       99%         3
 Airstrike                Air            0%         2d(0-16)  100%        4
 Summon Lightning Spire   Summ/Air       0%         N/A       100%        4
 Lightning Bolt           Conj/Air       0%         1d11      100%        5


Dungeon Overview and Level Annotations

Branches:
Dungeon (4/15)              Sewer (1/1)
 Temple: D:4-7

Altars:
Nemelex Xobeh

Annotations:
D:3 1 runed translucent door, KennySheep's ghost, amateur OgBe


Innate Abilities, Weirdness & Mutations

You cannot be hasted, slowed, berserked, paralysed or teleported.
You can dig through walls and to a lower floor.
You have a pair of large antennae on your head. (SInv)
Your four strong arms can wield two-handed weapons with a shield.


Message History

You are too injured to fight recklessly!
You are too injured to fight recklessly!
You are too injured to fight recklessly!
You are too injured to fight recklessly!
You are too injured to fight recklessly!
You are too injured to fight recklessly!
You are too injured to fight recklessly!
You are too injured to fight recklessly!
You are too injured to fight recklessly!
You are too injured to fight recklessly!
You are too injured to fight recklessly!
You closely miss the hell rat.
The hell rat is lightly wounded.
The hell rat closely misses you.
You hit the hell rat.
The hell rat is moderately wounded.
The hell rat bites you but does no damage.
You block the hell rat's attack.
You barely miss the hell rat.
The hell rat is moderately wounded.
The hell rat bites you!
* * * LOW HITPOINT WARNING * * *
You feel drained.
* * * LOW HITPOINT WARNING * * *
Okay, then.
Okay, then.
You are confused.
You feel invigorated. The hell rat closely misses you.
You bump into the stone wall.
The hell rat splashes around in the water.
The hell rat barely misses you.
You hit the hell rat but do no damage.
The hell rat is moderately wounded.
The hell rat splashes around in the water.
You feel very mighty all of a sudden. The hell rat bites you!
* * * LOW HITPOINT WARNING * * *
You feel drained.
You die...
Your body disappears without a glow.

###~.~###
#....~..#
##~~~..~~##
#~~~###~..#
##..##~##.~##
#†~~#..~#...#
#..##~~!##.~#
#.~#~~~!?#~.#
#~†@r~~?∩#∩∩#
#.~#~~~!!#~.#
#..##~~!##.~#
#~~~#~~~#~~~#
##~.##.##~.##
#..~###.~~#
##~..~~.~##
#.~.~~..#
###~..###


You could see a hell rat.

Vanquished Creatures
  Terence (D:3)
  3 adders
  3 river rats (Sewer)
  A worm (D:3)
  A dart slug (D:1)
  4 orcs (D:4)
  6 endoplasms
  2 giant cockroaches
  5 goblins
  2 hobgoblins (D:3)
  2 quokkas
  3 ball pythons (D:3)
  8 bats
  3 frilled lizards (D:1)
  7 kobolds
  8 rats
59 creatures vanquished.

Notes
Turn   | Place    | Note
-------+----------+-------------------------------------------
     0 | D:1      | purpskrrrp the Formicid Fighter began the quest for the
                  | Orb.
     0 | D:1      | Reached XP level 1. HP: 18/18 MP: 1/1
    52 | D:1      | Found a faded altar of an unknown god.
   298 | D:1      | Reached XP level 2. HP: 24/24 MP: 2/2
   694 | D:1      | Reached XP level 3. HP: 29/29 MP: 3/3
   863 | D:1      | Prayed at the altar of an unknown god.
   863 | D:1      | Became a worshipper of Nemelex Xobeh the Trickster
   863 | D:1      | Reached * piety under Nemelex Xobeh
   988 | D:2      | Received a gift from Nemelex Xobeh
  1580 | D:2      | Reached ** piety under Nemelex Xobeh
  1656 | D:2      | Reached XP level 4. HP: 31/37 MP: 4/4
  2050 | D:3      | Reached skill level 1 in Invocations
  2060 | D:3      | Found a runed translucent door.
  2063 | D:3      | Noticed Terence
  2064 | D:3      | Noticed KennySheep's ghost (amateur OgBe)
  2075 | D:3      | Killed Terence
  2400 | D:3      | Received a gift from Nemelex Xobeh
  2842 | D:4      | Reached XP level 5. HP: 42/42 MP: 6/6
  2852 | D:4      | Found a glowing drain.
  2859 | D:4      | Reached skill level 5 in Shields
  2866 | Sewer    | Entered a sewer
  2985 | Sewer    | Slain by a hell rat

Illustrated notes

Levels and vault maps discovered:
D:1:      mrwooster_arrival_statue_2, layout_loops_corners,
          basic_ecumenical_altar
D:2:      layout_basic
D:3:      layout_rooms, ebering_ghost_sewer_d, kennysheep_generic_room_10,
          uniq_terence
D:4:      layout_cave_pools, trog_butcher_becter, portal_sewer_entry_d,
          uniq_eustachio
Sewer:    sewer_hellmonk_bad_rat

Skill      XL: |  1  2  3  4  5 |
---------------+----------------+-----
Invocations    | 1 |  1.9
Armour         | 4 |  4.1
Fighting       | 4 |  4.0
Shields        | 5 |  5.1
Staves         | |  2.9

Action                   |  1- 3 |  4- 6 || total
-------------------------+-------+-------++-------
Melee: Quarterstaff      |    75 |    98 ||   173
 Abil: Dig               |       |     1 ||     1
  Use: Scroll            |     5 |     5 ||    10
       Potion            |       |     2 ||     2
Armor: Scale mail        |    24 |    33 ||    57
Dodge: Dodged            |    30 |    35 ||    65
Block: Buckler           |    37 |    41 ||    78
       Reflection        |     1 |     1 ||     2

Table legend: (Time is in decaauts)
 A = Elapsed time spent in this place.
 B = Non-inter-level travel time spent in this place.
 C = Inter-level travel time spent in this place.
 D = Time resting spent in this place.
 E = Time spent auto-exploring this place.
 F = Levels seen in this place.
 G = Mean time per level.
                   A        B        C        D        E       F      G
               +--------+--------+--------+--------+--------+-----+--------+
         Total |   3035 |   2825 |    210 |    100 |   2253 |   5 |  607.0 |
       Dungeon |   2897 |   2687 |    210 |    100 |   2179 |   4 |  724.2 |
         Sewer |    138 |    138 |      0 |      0 |     74 |   1 |  138.0 |
               +--------+--------+--------+--------+--------+-----+--------+

Top non-repeatable levels by time:
     D:2: 1053 daAuts
     D:3: 921 daAuts
     D:1: 890 daAuts
   Sewer: 138 daAuts
     D:4: 32 daAuts
